 Dungeon Crawl Stone Soup version 0.19.3 (webtiles) character file.

873 Megalobster the Conjurer (level 7, -4/38 HPs)
             Began as a Deep Elf Conjurer on Jan 23, 2017.
             Slain by an ogre
             ... wielding a +0 giant spiked club
              (13 damage)
             ... on level 4 of the Dungeon.
             The game lasted 00:23:51 (5190 turns).

Megalobster the Conjurer (Deep Elf Conjurer)        Turns: 5190, Time: 00:23:52

Health: -4/38      AC:  5    Str:  5    XL:     7   Next: 74%
Magic:  9/18       EV: 15    Int: 22    God:
Gold:   193        SH:  0    Dex: 15    Spells: 5 memorised, 3 levels left

rFire  . . .     SeeInvis .     w - +2 quarterstaff (chaos)
rCold  . . .     Gourm    .     a - +0 robe
rNeg   . . .     Faith    .     (shield currently unavailable)
rPois  +         Spirit   .     I - +2 hat
rElec  .         Reflect  .     x - +0 cloak
rCorr  .         Harm     .     (no gloves)
MR     .....                    (no boots)
Stlth  ++........               (no amulet)
                                G - ring of poison resistance
                                j - +2 ring of evasion

@: no status effects
A: no striking features
a: no special abilities


You were on level 4 of the Dungeon.
You were not hungry.

You visited 1 branch of the dungeon, and saw 4 of its levels.
You also visited: Ossuary.

You collected 193 gold pieces.

Inventory:

Hand Weapons
 o - a -3 dagger
 p - a +0 whip of pain
 q - a +0 dagger
 t - a +1 scythe of protection
 w - a +2 quarterstaff of chaos (weapon)
 B - a +2 dagger of venom
Armour
 a - a +0 robe (worn)
 x - a +0 cloak (worn)
 I - a +2 hat (worn)
Jewellery
 j - a +2 ring of evasion (left hand)
 G - a ring of poison resistance (right hand)
 H - an uncursed ring of positive energy
Scrolls
 e - 2 scrolls of noise {unknown}
 g - 3 scrolls of remove curse
 i - a scroll of amnesia {unknown}
 m - a scroll of enchant armour {unknown}
 n - a scroll of enchant weapon {unknown}
 u - 4 scrolls of identify
 v - a scroll of recharging {unknown}
 y - 3 scrolls of teleportation {unknown}
 C - a scroll of blinking {unknown}
 F - a scroll of immolation {unknown}
 J - a scroll of holy word {unknown}
Potions
 c - a potion of agility {unknown}
 h - 2 potions of ambrosia {unknown}
 k - 2 potions of heal wounds {unknown}
 s - 2 potions of beneficial mutation {unknown}
 z - a potion of experience {unknown}
 A - a potion of lignification {unknown}
 D - 2 potions of invisibility {unknown}
 E - a potion of might
Books
 b - a book of Conjurations

   Spells                             Type                      Level
   a - Magic Dart                     Conjuration                  1
   b - Searing Ray                    Conjuration                  2
   c - Dazzling Spray                 Conjuration/Hexes            3
   d - Fulminant Prism                Conjuration/Hexes            4
   e - Iskenderun's Mystic Blast      Conjuration                  4
   f - Iskenderun's Battlesphere      Conjuration/Charms           5
Comestibles
 d - 4 fruits
 f - 2 beef jerkies
 l - 2 meat rations
 r - 3 bread rations


   Skills:
 + Level 1.2 Fighting
 - Level 2.4 Dodging
 - Level 2.4 Stealth
 + Level 6.0 Spellcasting
 * Level 7.4 Conjurations
 * Level 7.4 Charms


You had 3 spell levels left.
You knew the following spells:

 Your Spells              Type           Power        Failure   Level  Hunger
a - Magic Dart            Conj           ####         1%          1    None
b - Searing Ray           Conj           #####.       1%          2    None
c - Iskenderun's Battles  Conj/Chrm      #####...     14%         5    #####..
d - Dazzling Spray        Conj/Hex       ###...       8%          3    #......
e - Iskenderun's Mystic   Conj           #####...     6%          4    ###....


Dungeon Overview and Level Annotations

Branches:
Dungeon (4/15)
 Temple: D:4-7

Altars:
Dithmenos
Elyvilon
Kikubaaqudgha
Makhleb
Nemelex Xobeh
Okawaru
Qazlal
Trog
Uskayaw
The Shining One


Message History

The ogre closely misses you.
The searing ray misses the ogre.
You finish channeling your searing ray.
The ogre misses you.
Casting: Searing Ray
Confirm with . or Enter, or press ? or * to list all spells.
Aiming: Searing Ray
Press: ? - help, Shift-Dir - straight line, f/p - ogre
Aim: an ogre, wielding a giant spiked club (heavily wounded)
The searing ray misses the ogre. (Press . to maintain the ray.)
The searing ray misses the ogre.
The ogre hits you with a giant spiked club!!
Ouch! That really hurt!
* * * LOW HITPOINT WARNING * * *
The searing ray hits the ogre.
The ogre is almost dead.
The ogre closely misses you.
The searing ray misses the ogre.
You finish channeling your searing ray.
The ogre hits you with a giant spiked club!
You die...

#.########
.........#
#........##
###.###.##
#.###.##..##### #
#... #.#...........#
#### #.#.####.####.#
#.#.##.....##.# #.#
#.......#.####..
#.#.#.......#......#
#.#....._...@..#
#.#.......#O.#
#.#.......#..# .
##.....##..# ###.###
..# .... ..# #####
..# ###


You could see an ogre.

Vanquished Creatures
  Sigmund (D:2)
  2 elf zombies (Ossuary)
  Crazy Yiuf (D:2)
  2 centaur zombies (Ossuary)
  An orc priest (D:3)
  3 orc wizards (D:3)
  Natasha (thrice) (D:3)
  3 big kobold zombies (Ossuary)
  2 hound skeletons (D:4)
  3 mummies (Ossuary)
  A gnoll (D:1)
  5 adders
  An ooze (D:1)
  5 adder zombies (Ossuary)
  2 worms (D:3)
  3 dart slugs
  3 leopard geckos
  7 orcs (D:3)
  10 bats
  3 giant cockroaches
  4 hobgoblins
  3 jackals (D:4)
  6 kobolds
  A quokka (D:2)
  3 ball pythons
  4 frilled lizards
  A gnoll zombie (Ossuary)
  10 goblins
  A goblin zombie (Ossuary)
  4 hobgoblin zombies (Ossuary)
  A jackal zombie (Ossuary)
  3 kobold zombies (Ossuary)
  An orc zombie (Ossuary)
  6 quokka zombies
  4 rats
  6 rat zombies
119 creatures vanquished.

Notes
Turn   | Place    | Note
-------+----------+-------------------------------------------
     0 | D:1      | Megalobster the Deep Elf Conjurer began the quest for the Orb.
     0 | D:1      | Reached XP level 1. HP: 10/10 MP: 6/6
   176 | D:1      | Reached XP level 2. HP: 12/15 MP: 1/8
   310 | D:1      | Learned a level 2 spell: Searing Ray
   466 | D:1      | Reached skill level 5 in Conjurations
   773 | D:1      | Reached XP level 3. HP: 19/19 MP: 3/10
  1566 | D:2      | Noticed Sigmund
  1577 | D:2      | Killed Sigmund
  1577 | D:2      | Reached skill level 5 in Spellcasting
  1577 | D:2      | Reached XP level 4. HP: 18/24 MP: 2/13
  1577 | D:2      | Reached XP level 5. HP: 21/28 MP: 2/14
  1886 | D:2      | Found a runed door.
  1896 | D:2      | Learned a level 5 spell: Iskenderun's Battlesphere
  1900 | D:2      | Learned a level 3 spell: Dazzling Spray
  1900 | D:2      | Noticed Crazy Yiuf
  1904 | D:2      | Killed Crazy Yiuf
  2183 | D:3      | Reached XP level 6. HP: 32/32 MP: 9/15
  2426 | D:3      | Found a glowing golden altar of the Shining One.
  2536 | D:3      | Learned a level 4 spell: Iskenderun's Mystic Blast
  2559 | D:3      | Found an iron altar of Okawaru.
  2606 | D:3      | Noticed Natasha
  2615 | D:3      | Killed Natasha
  3011 | D:3      | Found a burning altar of Makhleb.
  3096 | D:3      | Noticed Natasha
  3100 | D:3      | Killed Natasha
  3100 | D:3      | Reached skill level 5 in Charms
  3158 | D:3      | Found an ancient bone altar of Kikubaaqudgha.
  3218 | D:3      | Found a shadowy altar of Dithmenos.
  3219 | D:3      | Found a hide-covered altar of Uskayaw.
  3219 | D:3      | Found a stormy altar of Qazlal.
  3219 | D:3      | Found an iron altar of Okawaru.
  3220 | D:3      | Found a sparkling altar of Nemelex Xobeh.
  3224 | D:3      | Found a white marble altar of Elyvilon.
  3252 | D:3      | Noticed Natasha
  3262 | D:3      | Killed Natasha
  3525 | D:4      | Reached XP level 7. HP: 36/36 MP: 12/16
  3752 | D:4      | Found a sand-covered staircase.
  3789 | Ossuary  | Entered an ossuary
  4625 | Ossuary  | Reached skill level 1 in Fighting
  5169 | D:4      | Found a bloodstained altar of Trog.
  5190 | D:4      | Slain by an ogre

Skill      XL: |  1  2  3  4  5  6  7 |
---------------+----------------------+-----
Conjurations   | 5 6 7 |  7.4
Spellcasting   | 5 6 |  6.0
Charms         | 2 6 7 |  7.4
Fighting       | 1 |  1.2
Dodging        | |  2.4
Stealth        | |  2.4

Action                   |  1- 3 |  4- 6 |  7- 9 || total
-------------------------+-------+-------+-------++-------
Melee: Unarmed           |    13 |       |       ||    13
       Scythe            |       |     5 |       ||     5
       Quarterstaff      |       |       |     2 ||     2
 Cast: Magic Dart        |    59 |    41 |    52 ||   152
       Searing Ray       |     5 |    17 |    27 ||    49
       Iskenderun's Myst |       |     2 |     1 ||     3
       Dazzling Spray    |       |     1 |       ||     1
  Use: Scroll            |       |     2 |       ||     2
  Eat: Bread ration      |     1 |       |     1 ||     2
       Chunk             |       |     4 |     1 ||     5
Armor: Robe              |     1 |     2 |     4 ||     7
Dodge: Dodged            |     9 |    15 |    24 ||    48
